AoeStats
← ImpReSRa

Black Forest

511134911Analyzed
4v4 RM · 16d ago on Oct 3, 2026· 47m 48s· 8 players
Game mode
Random Map
Map size
Large (8 player)
Population
200
Speed
Normal
Resources
Standard
Victory
Conquest
Starting age
Dark Age
Ending age
Imperial Age
RankedLock teamsTeams togetherTeam positionsShared explorationLock speedFull tech treeHidden civsTurbo modeCheats
Victory
Defeat
🇺🇸 Franks · United States
962
+13
🇧🇷 Mongols · Brazil
896
+16
🇫🇷 Mongols · France
880
+16
🇲🇽 Magyars · Mexico
865
+16
vs
🇹🇷 Turks · Türkiye
937
-17
🇹🇷 Saxons · Türkiye
904
-16
🇹🇷 Britons · Türkiye
900
-16
🇹🇷 Magyars · Türkiye
809
-12
Raikage
1:02 Loom
14:28 Feudal Age
15:31 Double-Bit Axe
18:35 Wheelbarrow
20:39 Castle Age
19:46 Horse Collar
20:08 Gold Mining
20:12 Stone Mining
22:17 Bow Saw
24:40 Gold Shaft Mining
32:52 Hand Cart
34:25 Heavy Plow
38:10 Imperial Age
36:20 Padded Archer Armor
Tycho
2:27 Loom
15:45 Feudal Age
18:02 Double-Bit Axe
18:59 Wheelbarrow
18:14 Horse Collar
18:27 Stone Mining
18:30 Gold Mining
18:46 Town Watch
24:32 Castle Age
25:25 Bow Saw
25:37 Hand Cart
26:40 Gold Shaft Mining
26:07 Heavy Plow
26:35 Caravan
32:49 Imperial Age
31:35 Ballistics
31:10 Treadmill Crane
31:43 Fortified Wall
34:46 Two-Man Saw
33:54 Town Patrol
35:48 Chemistry
35:51 Fletching
36:01 Padded Archer Armor
38:09 Elite Longbowman
40:48 Bodkin Arrow
43:00 Bracer
43:52 Yeomen
43:54 Conscription
43:57 Leather Archer Armor
44:31 Murder Holes
45:37 Ring Archer Armor
SaintRichie
1:54 Loom
13:33 Feudal Age
14:26 Horse Collar
14:35 Double-Bit Axe
19:33 Castle Age
18:00 Gold Mining
18:11 Horse Collar
18:52 Stone Mining
20:33 Wheelbarrow
26:40 Town Watch
28:17 Bow Saw
29:55 Gold Shaft Mining
29:23 Heavy Plow
30:38 Crossbowman
31:22 Padded Archer Armor
31:07 Elite Skirmisher
31:12 Man-at-Arms
31:38 Gambesons
32:06 Fletching
33:36 Scale Mail Armor
33:44 Squires
34:47 Pikeman
36:56 Forging
37:02 Chain Mail Armor
37:02 Leather Archer Armor
36:42 Clerical Recruitment
37:56 Bodkin Arrow
42:00 Imperial Age
40:47 Iron Casting
40:37 Fortified Wall
41:45 Masonry
41:44 Scale Barding Armor
41:50 Thumb Ring
42:03 Arson
41:39 Long Swordsman
42:27 Halberdier
PUNISHER
1:17 Loom
21:27 Feudal Age
23:00 Arson
24:04 Wheelbarrow
24:11 Town Watch
25:59 Horse Collar
26:11 Gold Mining
26:15 Double-Bit Axe
30:14 Stone Mining
34:32 Castle Age
33:04 Scale Mail Armor
34:55 Bloodlines
35:58 Scale Barding Armor
37:55 Chain Barding Armor
37:47 Corvinian Army
41:11 Masonry
40:58 Murder Holes
40:45 Treadmill Crane
41:28 Husbandry
42:46 Scale Mail Armor
Fralex04
6:29 Loom
9:55 Feudal Age
16:23 Castle Age
14:21 Double-Bit Axe
14:45 Stone Mining
21:05 Horse Collar
24:40 Fletching
26:10 Bow Saw
27:05 Bodkin Arrow
28:05 Padded Archer Armor
30:10 Wheelbarrow
31:04 Ballistics
32:32 Gold Mining
37:31 Imperial Age
36:00 Gold Shaft Mining
36:00 Leather Archer Armor
40:27 Chemistry
39:30 Bracer
40:28 Stone Shaft Mining
40:16 Elite Mangudai
41:32 Conscription
ImpReSRa
16:11 Feudal Age
16:54 Double-Bit Axe
25:16 Castle Age
27:31 Husbandry
27:38 Scale Barding Armor
27:44 Stone Mining
27:48 Gold Mining
30:13 Horse Collar
32:37 Wheelbarrow
32:53 Bow Saw
35:39 Gold Shaft Mining
38:17 Imperial Age
38:15 Heavy Plow
38:25 Cavalier
40:52 Caravan
45:09 Paladin
46:12 Chain Barding Armor
47:28 Spies/Treason
BuDrakexn
3:21 Loom
11:51 Feudal Age
13:13 Double-Bit Axe
18:44 Castle Age
16:48 Stone Mining
18:56 Scale Barding Armor
18:56 Gold Mining
24:20 Fletching
27:45 Forging
27:55 Padded Archer Armor
29:09 Iron Casting
32:56 Imperial Age
32:33 Chain Barding Armor
32:47 Husbandry
33:26 Cavalier
34:42 Plate Barding Armor
35:53 Blast Furnace
35:32 Conscription
38:23 Wheelbarrow
39:09 Chivalry
40:00 Paladin
42:32 Caravan
47:46 Spies/Treason
Holy_Jesus
10:33 Feudal Age
13:37 Horse Collar
13:47 Double-Bit Axe
17:19 Castle Age
19:01 Wheelbarrow
23:57 Bow Saw
26:39 Hand Cart
26:22 Stone Mining
26:23 Gold Mining
28:13 Heavy Plow
33:49 Imperial Age
30:44 Light Cavalry
31:36 Bloodlines
32:14 Gold Shaft Mining
32:22 Husbandry
33:34 Ballistics
33:27 Thumb Ring
34:47 Hussar
35:54 Conscription
37:12 Chemistry
37:35 Caravan
37:08 Elite Mangudai
37:21 Capped Ram
38:36 Siege Ram
40:05 Drill
42:49 Scale Barding Armor
42:55 Forging
42:37 Fletching
42:48 Padded Archer Armor
47:17 Bodkin Arrow
47:58 Iron Casting
47:40 Leather Archer Armor
47:47 Chain Barding Armor
Connection lost

Rejoining the realm…

Still unreachable

The connection could not be restored.

Session expired

The server has moved on; the page needs a fresh start.